TOP OF THE 1ST |
Augusta GreenJackets batting - Pitching for Greensboro Grasshoppers : RHP Zack Evans
|
Pitching: RHP Zack Evans
|
|
Batting: RHB Danny Gallo
|
0-0: Called Strike 0-1: Ground out 6-3 (Groundball, 6, EV 85.0 MPH)
|
Batting: RHB Mike Buchanan
|
0-0: TRIPLE (Groundball, 5L, EV 109.4 MPH)
|
Batting: LHB Carey Horncole
|
0-0: Called Strike 0-1: Called Strike 0-2: Ball 1-2: Ball 2-2: Strikes out looking
|
Batting: LHB Gabe Velez
|
0-0: Ball 1-0: Ball 2-0: Called Strike 2-1: Ball 3-1: Called Strike 3-2: Base on Balls
|
Batting: RHB Chris King
|
0-0: Foul Ball, location: 2F 0-1: Ball 1-1: Ball 2-1: Foul Ball, location: 2F 2-2: Ball 3-2: Base on Balls Gabe Velez to second
|
Batting: RHB Drew Duncan
|
0-0: Called Strike 0-1: Fly out, F9 (Flyball, 89D, EV 82.5 MPH)
|
Top of the 1st over - 0 runs, 1 hit, 0 errors, 3 left on base; Augusta 0 - Greensboro 0 |
BOTTOM OF THE 1ST |
Greensboro Grasshoppers batting - Pitching for Augusta GreenJackets : RHP Doug Kennie
|
Pitching: RHP Doug Kennie
|
|
Batting: RHB Tom Thompson
|
0-0: Ground out 6-3 (Groundball, 6, EV 96.3 MPH)
|
Batting: RHB Torquato Obawole
|
0-0: Swinging Strike 0-1: Ball 1-1: Called Strike 1-2: Strikes out looking
|
Batting: RHB Isaiah Brockman
|
0-0: Ball 1-0: Called Strike 1-1: Called Strike 1-2: Strikes out swinging
|
Bottom of the 1st over - 0 runs, 0 hits, 0 errors, 0 left on base; Augusta 0 - Greensboro 0 |
TOP OF THE 2ND |
Augusta GreenJackets batting - Pitching for Greensboro Grasshoppers : RHP Zack Evans
|
Batting: RHB Juan Flores
|
0-0: Swinging Strike 0-1: Foul Ball, location: 2F 0-2: Strikes out swinging
|
Batting: RHB Omar Jordan
|
0-0: Ball 1-0: Foul Ball, location: 2F 1-1: Ball 2-1: Foul Ball, location: 2F 2-2: Ball 3-2: Base on Balls
|
Batting: RHB Alfredo Lemus
|
0-0: Ball 1-0: DOUBLE (Flyball, 7LM, EV 87.5 MPH) Omar Jordan to third
|
Batting: RHB Danny Gallo
|
0-0: Ball 1-0: Foul Ball, location: 2F 1-1: SINGLE (Line Drive, 5D, EV 103.1 MPH) Omar Jordan scores Alfredo Lemus to third Runner from 3rd tries for Home, SAFE, throw by LF to home
|
Batting: RHB Mike Buchanan
|
0-0: Ball 1-0: Called Strike 1-1: Foul Ball, location: 2F 1-2: Ball Danny Gallo is caught stealing 2nd base 2-4 2-2: SINGLE (Flyball, 34D, EV 83.1 MPH)
|
Batting: LHB Carey Horncole
|
0-0: Ball 1-0: Ball 2-0: Ball 3-0: Called Strike 3-1: Foul Ball, location: 2F 3-2: Ground out 4-3 (Groundball, 34D, EV 108.1 MPH)
|
Top of the 2nd over - 2 runs, 3 hits, 0 errors, 1 left on base; Augusta 2 - Greensboro 0 |
BOTTOM OF THE 2ND |
Greensboro Grasshoppers batting - Pitching for Augusta GreenJackets : RHP Doug Kennie
|
Batting: RHB Jake Shelton
|
0-0: Ball 1-0: Ball 2-0: Ball 3-0: Called Strike 3-1: Reached on error, E3 (Groundball, 34S, EV 86.3 MPH)
|
Batting: RHB Jordan Arcidez
|
0-0: Ball 1-0: Ball 2-0: Called Strike 2-1: Hit by Pitch Jake Shelton to second
|
Batting: RHB Masumitsu Sugiura
|
0-0: Ball 1-0: Foul Ball, location: 2F 1-1: Ball 2-1: Called Strike 2-2: Strikes out swinging
|
Batting: RHB Bob Raine
|
0-0: Ball 1-0: Ball 2-0: Called Strike 2-1: Ball 3-1: Foul Ball, location: 2F 3-2: Strikes out swinging
|
Batting: RHB Boof Howell
|
0-0: Swinging Strike 0-1: Called Strike 0-2: Foul Ball, location: 2F 0-2: Ball 1-2: Strikes out swinging
|
Bottom of the 2nd over - 0 runs, 0 hits, 1 error, 2 left on base; Augusta 2 - Greensboro 0 |
TOP OF THE 3RD |
Augusta GreenJackets batting - Pitching for Greensboro Grasshoppers : RHP Zack Evans
|
Batting: LHB Gabe Velez
|
0-0: Foul Ball, location: 2F 0-1: Called Strike 0-2: Strikes out swinging
|
Batting: RHB Chris King
|
0-0: Ball 1-0: Ball 2-0: Called Strike 2-1: Ball 3-1: Fly out, F9 (Flyball, 89D, EV 83.8 MPH)
|
Batting: RHB Drew Duncan
|
0-0: Ball 1-0: Called Strike 1-1: Swinging Strike 1-2: Strikes out swinging
|
Top of the 3rd over - 0 runs, 0 hits, 0 errors, 0 left on base; Augusta 2 - Greensboro 0 |
BOTTOM OF THE 3RD |
Greensboro Grasshoppers batting - Pitching for Augusta GreenJackets : RHP Doug Kennie
|
Batting: RHB Guillermo Rios
|
0-0: SINGLE (Groundball, 6M, EV 85.6 MPH) (infield hit)
|
Batting: RHB Tom Thompson
|
Pickoff Throw to First - Out! 1-3 0-0: Called Strike 0-1: Swinging Strike 0-2: Ball 1-2: Foul Ball, location: 2F 1-2: Ball 2-2: Ground out 6-3 (Groundball, 6, EV 87.5 MPH)
|
Batting: RHB Torquato Obawole
|
0-0: Called Strike 0-1: Foul Ball, location: 2F 0-2: Hit by Pitch
|
Batting: RHB Isaiah Brockman
|
0-0: Ball 1-0: Ball 2-0: Foul Ball, location: 2F 2-1: Foul Ball, location: 2F 2-2: Foul Ball, location: 2F 2-2: Foul Ball, location: 2F 2-2: Strikes out swinging
|
Bottom of the 3rd over - 0 runs, 1 hit, 0 errors, 1 left on base; Augusta 2 - Greensboro 0 |
TOP OF THE 4TH |
Augusta GreenJackets batting - Pitching for Greensboro Grasshoppers : RHP Zack Evans
|
Batting: RHB Juan Flores
|
0-0: Ball 1-0: Called Strike 1-1: Fly out, F6 (Line Drive, 6, EV 69.4 MPH)
|
Batting: RHB Omar Jordan
|
0-0: Ball 1-0: Ball 2-0: Ball 3-0: Base on Balls
|
Batting: RHB Alfredo Lemus
|
0-0: Called Strike 0-1: Foul Ball, location: 2F 0-2: Ball 1-2: Ball 2-2: Strikes out swinging
|
Batting: RHB Danny Gallo
|
0-0: Ball 1-0: Ball 2-0: Fielders Choice at 2nd, 5-4 (Groundball, 5, EV 100.6 MPH)
|
Top of the 4th over - 0 runs, 0 hits, 0 errors, 1 left on base; Augusta 2 - Greensboro 0 |
BOTTOM OF THE 4TH |
Greensboro Grasshoppers batting - Pitching for Augusta GreenJackets : RHP Doug Kennie
|
Batting: RHB Jake Shelton
|
0-0: Ball 1-0: Fly out, F8 (Line Drive, 8LD, EV 106.9 MPH)
|
Batting: RHB Jordan Arcidez
|
0-0: Foul Ball, location: 2F 0-1: Ball 1-1: Swinging Strike 1-2: Ground out 4-3 (Groundball, 4, EV 86.9 MPH)
|
Batting: RHB Masumitsu Sugiura
|
0-0: Ball 1-0: Foul Ball, location: 2F 1-1: Ball 2-1: Fly out, F9 (Flyball, 9, EV 83.8 MPH)
|
Bottom of the 4th over - 0 runs, 0 hits, 0 errors, 0 left on base; Augusta 2 - Greensboro 0 |
TOP OF THE 5TH |
Augusta GreenJackets batting - Pitching for Greensboro Grasshoppers : RHP Zack Evans
|
Batting: RHB Mike Buchanan
|
0-0: Ball 1-0: Called Strike 1-1: Called Strike 1-2: Foul Ball, location: 2F 1-2: Ball 2-2: Ground out 5-3 (Groundball, 56, EV 103.1 MPH)
|
Pitching: RHP Marco Quezada
|
|
Batting: LHB Carey Horncole
|
0-0: Called Strike 0-1: Ball 1-1: Ball 2-1: Ball 3-1: Base on Balls
|
Batting: LHB Gabe Velez
|
0-0: Ball 1-0: Fielders Choice at 2nd, 6-4 (Groundball, 6M, EV 84.4 MPH)
|
Batting: RHB Chris King
|
0-0: Swinging Strike 0-1: Ball 1-1: Foul Ball, location: 2F 1-2: Strikes out swinging
|
Top of the 5th over - 0 runs, 0 hits, 0 errors, 1 left on base; Augusta 2 - Greensboro 0 |
BOTTOM OF THE 5TH |
Greensboro Grasshoppers batting - Pitching for Augusta GreenJackets : RHP Doug Kennie
|
Batting: RHB Bob Raine
|
0-0: Ball 1-0: Ground out U3 (Groundball, 23, EV 85.0 MPH)
|
Batting: RHB Boof Howell
|
0-0: Ball 1-0: Swinging Strike 1-1: Called Strike 1-2: Ball 2-2: Foul Ball, location: 2F 2-2: Strikes out swinging
|
Batting: RHB Guillermo Rios
|
0-0: Ground out 5-3 (Groundball, 56, EV 86.3 MPH)
|
Bottom of the 5th over - 0 runs, 0 hits, 0 errors, 0 left on base; Augusta 2 - Greensboro 0 |
TOP OF THE 6TH |
Augusta GreenJackets batting - Pitching for Greensboro Grasshoppers : RHP Marco Quezada
|
Batting: RHB Drew Duncan
|
0-0: Called Strike 0-1: Ground out 5-3 (Groundball, 5, EV 81.3 MPH)
|
Batting: RHB Juan Flores
|
0-0: Ball 1-0: Foul Ball, location: 2F 1-1: Swinging Strike 1-2: Ball 2-2: Foul Ball, location: 2F 2-2: Ground out 5-3 (Groundball, 5D, EV 100.0 MPH)
|
Batting: RHB Omar Jordan
|
0-0: Ball 1-0: Ball 2-0: Ball 3-0: Base on Balls
|
Batting: RHB Alfredo Lemus
|
0-0: Called Strike 0-1: Ball 1-1: Foul Ball, location: 2F 1-2: Strikes out looking
|
Top of the 6th over - 0 runs, 0 hits, 0 errors, 1 left on base; Augusta 2 - Greensboro 0 |
BOTTOM OF THE 6TH |
Greensboro Grasshoppers batting - Pitching for Augusta GreenJackets : RHP Doug Kennie
|
Batting: RHB Tom Thompson
|
0-0: Called Strike 0-1: Ball 1-1: Ball 2-1: Swinging Strike 2-2: Ball 3-2: Strikes out swinging
|
Batting: RHB Torquato Obawole
|
0-0: Swinging Strike 0-1: Foul Ball, location: 2F 0-2: Foul Ball, location: 2F 0-2: Ball 1-2: Strikes out swinging
|
Batting: RHB Isaiah Brockman
|
0-0: Called Strike 0-1: Called Strike 0-2: Foul Ball, location: 2F 0-2: Ball 1-2: Strikes out looking
|
Bottom of the 6th over - 0 runs, 0 hits, 0 errors, 0 left on base; Augusta 2 - Greensboro 0 |
TOP OF THE 7TH |
Augusta GreenJackets batting - Pitching for Greensboro Grasshoppers : RHP Marco Quezada
|
Pitching: RHP Chris Forster
|
|
Batting: RHB Danny Gallo
|
0-0: Foul Ball, location: 2F 0-1: Foul Ball, location: 2F 0-2: Strikes out swinging
|
Batting: RHB Mike Buchanan
|
0-0: Called Strike 0-1: SINGLE (Groundball, 34D, EV 98.8 MPH)
|
Batting: LHB Carey Horncole
|
0-0: Ball Mike Buchanan is caught stealing 2nd base 2-6 1-0: Ball 2-0: Called Strike 2-1: Foul Ball, location: 2F 2-2: Ball 3-2: Base on Balls
|
Batting: LHB Gabe Velez
|
0-0: Called Strike Carey Horncole steals 2nd base 0-1: Ball 1-1: Ball 2-1: Ground out 4-3 (Groundball, 4, EV 99.4 MPH)
|
Top of the 7th over - 0 runs, 1 hit, 0 errors, 1 left on base; Augusta 2 - Greensboro 0 |
BOTTOM OF THE 7TH |
Greensboro Grasshoppers batting - Pitching for Augusta GreenJackets : RHP Doug Kennie
|
Pitching: RHP Ron Riley
|
|
Batting: RHB Jake Shelton
|
0-0: Ball 1-0: Called Strike 1-1: Swinging Strike 1-2: Strikes out swinging
|
Batting: RHB Jordan Arcidez
|
0-0: Called Strike 0-1: Ball 1-1: Called Strike 1-2: Ball 2-2: Fly out, F8 (Line Drive, 8LD, EV 89.4 MPH)
|
Batting: RHB Masumitsu Sugiura
|
0-0: Foul Ball, location: 2F 0-1: Foul Ball, location: 2F 0-2: Foul Ball, location: 2F 0-2: Fly out, F8 (Flyball, 89S, EV 76.3 MPH)
|
Bottom of the 7th over - 0 runs, 0 hits, 0 errors, 0 left on base; Augusta 2 - Greensboro 0 |
TOP OF THE 8TH |
Augusta GreenJackets batting - Pitching for Greensboro Grasshoppers : RHP Chris Forster
|
Pitching: RHP Reinaart Meyer
|
|
Batting: RHB Chris King
|
0-0: Ball 1-0: Swinging Strike 1-1: Foul Ball, location: 2F 1-2: Foul Ball, location: 2F 1-2: Fly out, F9 (Line Drive, 9, EV 92.5 MPH)
|
Batting: RHB Drew Duncan
|
0-0: Ball 1-0: Fly out, F8 (Flyball, 78XD, EV 101.3 MPH)
|
Batting: RHB Juan Flores
|
0-0: Ball 1-0: Foul Ball, location: 2F 1-1: SINGLE (Groundball, 5D, EV 107.5 MPH)
|
Batting: RHB Omar Jordan
|
Pickoff Throw to First - Out! 1-3
|
Top of the 8th over - 0 runs, 1 hit, 0 errors, 0 left on base; Augusta 2 - Greensboro 0 |
BOTTOM OF THE 8TH |
Greensboro Grasshoppers batting - Pitching for Augusta GreenJackets : RHP Ron Riley
|
Pitching: RHP Josh Aronhalt
|
|
Batting: RHB Bob Raine
|
0-0: Ball 1-0: Called Strike 1-1: Ground out 4-3 (Groundball, 34, EV 90.0 MPH)
|
Batting: RHB Boof Howell
|
0-0: Called Strike 0-1: Ball 1-1: Called Strike 1-2: Foul Ball, location: 2F 1-2: Ball 2-2: Ball 3-2: Strikes out swinging
|
Batting: RHB Guillermo Rios
|
0-0: Called Strike 0-1: Foul Ball, location: 2F 0-2: Ball 1-2: Ball 2-2: Ball 3-2: Strikes out looking
|
Bottom of the 8th over - 0 runs, 0 hits, 0 errors, 0 left on base; Augusta 2 - Greensboro 0 |
TOP OF THE 9TH |
Augusta GreenJackets batting - Pitching for Greensboro Grasshoppers : RHP Reinaart Meyer
|
Pitching: RHP Wei-guo Tsu
|
|
Batting: RHB Omar Jordan
|
0-0: Ball 1-0: Swinging Strike 1-1: Called Strike 1-2: Ball 2-2: Ball 3-2: Base on Balls
|
Batting: RHB Alfredo Lemus
|
0-0: Sac Bunt to P - play at first, batter OUT! 1-3 Omar Jordan to second
|
Batting: RHB Danny Gallo
|
0-0: Ball 1-0: Ball 2-0: Called Strike 2-1: Ball 3-1: Called Strike 3-2: Ground out 5-3 (Groundball, 56S, EV 90.6 MPH)
|
Batting: RHB Mike Buchanan
|
0-0: Called Strike 0-1: Ball 1-1: Foul Ball, location: 2F 1-2: 2-RUN HOME RUN (Flyball, 7D, EV 98.8 MPH), Distance : 363 ft
|
Batting: LHB Carey Horncole
|
0-0: Foul Ball, location: 2F 0-1: Called Strike 0-2: SINGLE (Groundball, 4D, EV 105.0 MPH)
|
Batting: LHB Gabe Velez
|
0-0: Foul Ball, location: 2F 0-1: Called Strike 0-2: Ball Carey Horncole is caught stealing 2nd base 2-6
|
Top of the 9th over - 2 runs, 2 hits, 0 errors, 0 left on base; Augusta 4 - Greensboro 0 |
BOTTOM OF THE 9TH |
Greensboro Grasshoppers batting - Pitching for Augusta GreenJackets : RHP Josh Aronhalt
|
Pitching: RHP Mike Richards
|
|
Batting: RHB Tom Thompson
|
0-0: SINGLE (Groundball, 4MD, EV 100.6 MPH)
|
Batting: RHB Torquato Obawole
|
0-0: Called Strike 0-1: Ball 1-1: Fielders Choice at 2nd, 1-6 (Groundball, 34S, EV 66.3 MPH)
|
Batting: RHB Isaiah Brockman
|
0-0: Called Strike 0-1: Foul Ball, location: 2F 0-2: Strikes out looking
|
Batting: RHB Jake Shelton
|
0-0: Ball 1-0: Ball 2-0: Called Strike 2-1: Fielders Choice at 2nd, 6-4 (Groundball, 6, EV 106.9 MPH)
|
Bottom of the 9th over - 0 runs, 1 hit, 0 errors, 1 left on base; Augusta 4 - Greensboro 0 |
|